AoeStats
← LVDB_ElGusano

MegaRandom

509977094Analyzed
2v2 RM · 3d ago on Sep 28, 2026· 48m 53s· 4 players
Game mode
Random Map
Map size
Medium (4 player)
Population
200
Speed
Normal
Resources
Standard
Victory
Conquest
Starting age
Dark Age
Ending age
Imperial Age
RankedLock teamsTeams togetherTeam positionsShared explorationLock speedFull tech treeHidden civsTurbo modeCheats
Victory
Defeat
🇫🇷 Varangians · France
1419
+19
🇫🇷 Saxons · France
1415
+19
🇦🇷 Vikings · Argentina
1484
-19
🇦🇷 Mongols · Argentina
1477
-19
FR - DoduDindon
0:33 Loom
10:20 Feudal Age
14:33 Castle Age
18:54 Double-Bit Axe
21:14 Bow Saw
22:24 Horse Collar
26:30 Wheelbarrow
25:51 Gold Mining
25:59 Stone Mining
26:22 Scale Barding Armor
26:17 Town Watch
26:34 Heavy Plow
27:34 Chain Barding Armor
28:34 Forging
29:10 Fletching
34:03 Imperial Age
32:52 Iron Casting
35:04 Hand Cart
35:28 Plate Barding Armor
35:17 Conscription
37:38 Blast Furnace
36:51 Bloodlines
36:38 Elite Jarl
39:41 Husbandry
39:50 Bodkin Arrow
46:08 Light Cavalry
FR | L'amanite
0:37 Loom
10:30 Feudal Age
14:32 Castle Age
13:00 Double-Bit Axe
16:52 Wheelbarrow
21:56 Scale Mail Armor
27:34 Squires
29:10 Chain Mail Armor
31:54 Bow Saw
33:33 Horse Collar
35:42 Wheelbarrow
35:10 Gold Mining
35:27 Heavy Plow
36:25 Fletching
36:39 Elite Skirmisher
37:41 Bodkin Arrow
37:46 Padded Archer Armor
42:11 Imperial Age
39:58 Stone Mining
41:10 Ballistics
41:26 Forging
43:00 Bracer
43:15 Leather Archer Armor
44:56 Chemistry
46:30 Ring Archer Armor
46:32 Plate Mail Armor
46:38 Iron Casting
45:53 Pikeman
46:19 Arson
46:30 Gambesons
47:22 Iron Casting
46:58 Halberdier
48:39 Crop Rotation
49:21 Two-Man Saw
LVDB_ElGusano
0:31 Loom
10:20 Feudal Age
15:48 Castle Age
15:29 Town Watch
16:03 Fletching
16:56 Crossbowman
23:56 Bodkin Arrow
25:44 Double-Bit Axe
26:00 Horse Collar
31:01 Gold Mining
31:01 Stone Mining
32:04 Bow Saw
32:23 Scale Mail Armor
32:33 Forging
37:33 Imperial Age
36:37 Chain Mail Armor
37:46 Gold Shaft Mining
38:24 Iron Casting
37:58 Squires
37:43 Arson
39:01 Plate Mail Armor
39:11 Conscription
40:37 Capped Ram
41:42 Masonry
41:38 Siege Engineers
43:35 Arbalester
44:18 Bracer
45:58 Ballistics
46:39 Chemistry
46:10 Architecture
45:12 Elite Skirmisher
47:06 Chemistry
LVDB_Mastropiero
0:35 Loom
12:06 Feudal Age
16:52 Castle Age
15:57 Double-Bit Axe
18:15 Bow Saw
20:14 Town Watch
21:19 Horse Collar
21:39 Fletching
22:53 Bodkin Arrow
24:57 Ballistics
26:25 Padded Archer Armor
27:08 Wheelbarrow
26:56 Bloodlines
27:18 Husbandry
29:31 Leather Archer Armor
30:07 Heavy Plow
37:12 Imperial Age
37:18 Hand Cart
37:55 Bracer
39:45 Conscription
41:33 Chemistry
40:47 Masonry
40:30 Light Cavalry
41:18 Scale Barding Armor
41:24 Forging
42:28 Hussar
48:47 Chain Barding Armor
49:02 Iron Casting
Connection lost

Rejoining the realm…

Still unreachable

The connection could not be restored.

Session expired

The server has moved on; the page needs a fresh start.